 Dungeon Crawl Stone Soup version 0.22.1-1-ga44c0e5 (webtiles) character file.

4019 Anon1729 the Poker (level 10, 0/77 HPs)
             Began as a Gnoll Wanderer on Nov 2, 2018.
             Was a Believer of Qazlal.
             Slain by a killer bee (9 damage)
             ... on level 7 of the Dungeon.
             The game lasted 00:16:24 (8132 turns).

Anon1729 the Poker (Gnoll Wanderer)                 Turns: 8132, Time: 00:16:25

Health: 0/77       AC:  7    Str: 12    XL:     10   Next: 23%
Magic:  27/27      EV: 15    Int: 17    God:    Qazlal [**....]
Gold:   298        SH:  2    Dex: 16    Spells: 20/20 levels left

rFire    + . .     SeeInvis .   m - +4 demon blade (elec)
rCold    + . .     Gourm    .   (no shield)
rNeg     . . .     Faith    .   C - +0 troll leather armour {Purgy}
rPois    .         Spirit   .   t - +1 helmet
rElec    .         Reflect  .   s - scarf {rC+ rF+}
rCorr    .         Harm     .   (no gloves)
MR       .....                  (no boots)
Stlth    +++.......             l - amulet of regeneration
HPRegen  1.02/turn              B - ring of magical power
MPRegen  0.20/turn              i - -2 ring of intelligence

@: lethally poisoned (0 -> -1)
A: distributed training, fangs 1, strong nose
a: Upheaval, Renounce Religion


You were on level 7 of the Dungeon.
You worshipped Qazlal.
Qazlal was pleased with you.
You were not hungry.

You visited 2 branches of the dungeon, and saw 8 of its levels.
You also visited: Sewer.

You collected 298 gold pieces.

Inventory:

Hand Weapons
 a - a +3 spear
 m - a +4 demon blade of electrocution (weapon)
 G - a +0 spear
Armour
 d - a +0 robe
 n - a +3 ring mail
 s - a scarf of resistance (worn)
 t - a +1 helmet (worn)
 C - a +0 troll leather armour (worn) {Purgy}
Jewellery
 i - a -2 ring of intelligence (right hand)
 l - an amulet of regeneration (around neck)
 p - an uncursed ring of protection from magic
 q - a +3 ring of strength
 B - a ring of magical power (left hand)
 I - a +4 ring of evasion {unknown}
Wands
 z - a wand of digging (3)
Scrolls
 c - 2 scrolls of noise {unknown}
 e - 4 scrolls of identify
 h - 2 scrolls of amnesia
 u - a scroll of enchant armour {unknown}
 w - 2 scrolls of teleportation
 x - 2 scrolls of magic mapping
 y - a scroll of blinking {unknown}
 E - a scroll of fear {unknown}
 H - a scroll of remove curse
Potions
 b - a potion of lignification
 g - 4 potions of haste {unknown}
 j - a potion of degeneration {unknown}
 k - 5 potions of agility {unknown}
 r - a potion of heal wounds {unknown}
 v - 3 potions of might {unknown}
 A - a potion of resistance
 D - 4 potions of flight {unknown}
 F - 2 potions of mutation {unknown}
Comestibles
 f - 4 rations
 o - 11 chunks of flesh


   Skills:
 + Level 6.8 Fighting
 + Level 5.0 Short Blades
 + Level 5.0 Long Blades
 + Level 5.0 Axes
 + Level 5.0 Maces & Flails
 + Level 6.8 Polearms
 + Level 5.0 Staves
 + Level 5.0 Slings
 + Level 5.0 Bows
 + Level 5.0 Crossbows
 + Level 5.0 Throwing
 + Level 5.0 Armour
 + Level 5.7 Dodging
 + Level 5.6 Stealth
 + Level 5.7 Shields
 + Level 5.0 Unarmed Combat
 + Level 5.8 Spellcasting
 + Level 4.1 Conjurations
 + Level 4.1 Hexes
 + Level 4.1 Charms
 + Level 4.7 Summonings
 + Level 4.1 Necromancy
 + Level 4.1 Translocations
 + Level 4.1 Transmutations
 + Level 4.1 Fire Magic
 + Level 4.7 Ice Magic
 + Level 4.1 Air Magic
 + Level 4.1 Earth Magic
 + Level 4.1 Poison Magic
 + Level 5.5 Invocations
 + Level 5.0 Evocations


You had 20 spell levels left.
You didn't know any spells.
Your spell library contained the following spells:

 Spells                   Type           Power        Failure   Level  Hunger
 Sting                    Conj/Pois      ###.         3%          1    None
 Poisonous Vapours        Pois/Air       ###...       4%          2    #......
 Mephitic Cloud           Conj/Pois/Air  ###.....     9%          3    ##.....
 Olgreb's Toxic Radiance  Pois           ###.....     30%         4    ####...
 Venom Bolt               Conj/Pois      ###.......   63%         5    ######.


Dungeon Overview and Level Annotations

Branches:
Dungeon (7/15)             Temple (1/1) D:5

Altars:
Ashenzari
Cheibriados
Dithmenos
Elyvilon
Fedhas
Gozag
Hepliaklqana
Kikubaaqudgha
Makhleb
Nemelex Xobeh
Okawaru
Qazlal
Ru
Sif Muna
Trog
Uskayaw
Vehumet
Wu Jian
Xom
Yredelemnul
The Shining One

Annotations:
D:4 3 runed doors, thomasnlv21's ghost, amateur MiBe


Innate Abilities, Weirdness & Mutations

Your experience applies equally to all skills.
You have very sharp teeth.
Your uncanny sense of smell can sniff out nearby items.


Message History

You eat one of the 12 chunks of flesh.
This raw flesh tastes terrible.
You feel sick. The killer bee closely misses you. The killer bee stings you.
* * * LOW HITPOINT WARNING * * *
Okay, then.
You miss the killer bee.
The killer bee is lightly wounded.
You feel sick.
The killer bee misses you. x2; You riposte.
You slash the killer bee! Your punch misses the killer bee.
The killer bee is heavily wounded.
You slash the killer bee!
Lightning courses through the killer bee!
You kill the killer bee!
Qazlal accepts your kill.
You feel sick.
The killer bee stings you but does no damage.
You miss the killer bee. Your bite misses the killer bee.
You feel sick. The killer bee stings you.
* * * LOW HITPOINT WARNING * * *
The killer bee stings you!
You die...

.### ..#...#
#.###>#...) ....
..>.# #........)) ...
#..# #.###.##.## #..
#†.###.# #.##.#
#..###...##.# #.##.#
#.....?#....###.##.#
##.#.#..........##.##
#y########.####.##
#@# #.# #.## #.# #.#
#.#. #.# #.# #.#. #.#
#.# #... #.#
#.######. #.#
#.<...... ..#
#.######. ### #. #†


You could see a killer bee.

Vanquished Creatures
  Grinder (D:4)
  Sigmund (D:2)
  Eustachio (D:6)
  5 yaks
  A hungry ghost (D:7)
  Edmund (D:5)
  3 orc warriors
  Purgy (Sewer)
  An ice beast (D:6)
  A black bear (D:5)
  4 ogres
  A centaur (D:7)
  A bullfrog (D:5)
  3 gnoll sergeants
  2 scorpions
  4 killer bees (D:7)
  A wight (D:5)
  A howler monkey (D:5)
  A centaur zombie (D:7)
  A bullfrog zombie (D:5)
  3 hounds
  A jelly (D:5)
  3 orc priests (D:5)
  8 orc wizards
  An iguana (D:4)
  4 worker ants
  2 hound skeletons
  A hound zombie (D:7)
  3 gnolls (D:6)
  A howler monkey skeleton (D:7)
  14 adders
  A river rat (D:5)
  2 shadow imps (D:5)
  An ooze (D:2)
  An adder skeleton (D:5)
  An adder zombie (D:6)
  5 worms
  2 dart slugs
  4 leopard geckos
  21 orcs
  10 bats
  16 giant cockroaches
  11 hobgoblins
  4 quokkas
  4 ball pythons
  12 frilled lizards
  9 goblins
  7 kobolds
  A quokka skeleton (D:4)
  10 rats
198 creatures vanquished.

Vanquished Creatures (others)
  An orc wizard (D:5)
  A leopard gecko skeleton (D:4)
2 creatures vanquished.

Grand Total: 200 creatures vanquished

Notes
Turn   | Place    | Note
-------+----------+-------------------------------------------
     0 | D:1      | Anon1729 the Gnoll Wanderer began the quest for the Orb.
     0 | D:1      | Anon1729 set off with: a +2 spear, a potion of
                  | lignification, a potion of curing, a +0 robe, a ration
     0 | D:1      | Reached XP level 1. HP: 20/20 MP: 4/4
   153 | D:1      | Reached XP level 2. HP: 20/26 MP: 5/5
   613 | D:2      | Reached XP level 3. HP: 13/31 MP: 7/7
   646 | D:2      | Found an opulent altar of Gozag.
   659 | D:2      | Reached skill level 1 in Invocations
   666 | D:2      | HP: 1/31 [poisoned by an adder]
  1006 | D:2      | Reached skill level 1 in Short Blades
  1006 | D:2      | Reached skill level 1 in Long Blades
  1006 | D:2      | Reached skill level 1 in Axes
  1006 | D:2      | Reached skill level 1 in Maces & Flails
  1006 | D:2      | Reached skill level 1 in Staves
  1006 | D:2      | Reached skill level 1 in Slings
  1006 | D:2      | Reached skill level 1 in Bows
  1006 | D:2      | Reached skill level 1 in Crossbows
  1006 | D:2      | Reached skill level 1 in Throwing
  1006 | D:2      | Reached skill level 1 in Armour
  1006 | D:2      | Reached skill level 1 in Unarmed Combat
  1006 | D:2      | Reached skill level 1 in Evocations
  1006 | D:2      | Reached XP level 4. HP: 32/38 MP: 8/8
  1122 | D:2      | Reached skill level 1 in Conjurations
  1122 | D:2      | Reached skill level 1 in Hexes
  1122 | D:2      | Reached skill level 1 in Charms
  1122 | D:2      | Reached skill level 1 in Necromancy
  1122 | D:2      | Reached skill level 1 in Translocations
  1122 | D:2      | Reached skill level 1 in Transmutations
  1122 | D:2      | Reached skill level 1 in Fire Magic
  1122 | D:2      | Reached skill level 1 in Air Magic
  1122 | D:2      | Reached skill level 1 in Earth Magic
  1122 | D:2      | Reached skill level 1 in Poison Magic
  1413 | D:2      | Noticed Sigmund
  1428 | D:2      | Killed Sigmund
  1428 | D:2      | Reached XP level 5. HP: 34/43 MP: 8/10
  1428 | D:2      | Reached XP level 6. HP: 40/50 MP: 8/11
  1777 | D:3      | Found a snail-covered altar of Cheibriados.
  1884 | D:3      | Found a sacrificial altar of Ru.
  2133 | D:3      | Reached skill level 5 in Fighting
  2133 | D:3      | Reached skill level 5 in Polearms
  2418 | D:3      | Found a hide-covered altar of Uskayaw.
  2510 | D:4      | Found a runed gate.
  2510 | D:4      | Found a runed gate.
  2512 | D:4      | Found a runed gate.
  2512 | D:4      | Noticed thomasnlv21's ghost (amateur MiBe)
  2890 | D:4      | Noticed Grinder
  2935 | D:4      | Paralysed by Grinder for 3 turns
  2943 | D:4      | HP: 2/51 [Grinder/nerve-wracking pain (2)]
  2944 | D:4      | Killed Grinder
  2944 | D:4      | Reached XP level 7. HP: 2/56 MP: 12/12
  4365 | D:5      | Entered Level 5 of the Dungeon
  4365 | D:5      | Found a glowing drain.
  4437 | Sewer    | Entered a sewer
  4500 | Sewer    | Noticed Purgy
  4504 | Sewer    | Killed Purgy
  4504 | Sewer    | Reached XP level 8. HP: 59/63 MP: 14/14
  5008 | D:5      | Found a stormy altar of Qazlal.
  5036 | D:5      | Became a worshipper of Qazlal Stormbringer
  5152 | D:5      | Noticed a moth of wrath
  5155 | D:5      | Found a bloodstained altar of Trog.
  5493 | D:5      | Found a staircase to the Ecumenical Temple.
  5516 | Temple   | Entered the Ecumenical Temple
  6065 | D:6      | Noticed a yak
  6065 | D:6      | Noticed a yak
  6065 | D:6      | Noticed a yak
  6065 | D:6      | Noticed a yak
  6065 | D:6      | Noticed a yak
  6094 | D:5      | Killed a yak
  6200 | D:5      | Reached XP level 9. HP: 22/69 MP: 16/16
  6375 | D:6      | Noticed Edmund
  6412 | D:5      | Killed Edmund
  6569 | D:6      | Reached * piety under Qazlal
  6708 | D:6      | Noticed Eustachio
  6768 | D:6      | HP: 3/69 [orc warrior/battleaxe (30)]
  6773 | D:6      | Reached skill level 5 in Spellcasting
  7101 | D:4      | Reached skill level 5 in Dodging
  7101 | D:4      | Reached skill level 5 in Shields
  7275 | D:5      | Reached skill level 5 in Stealth
  7470 | D:6      | Killed Eustachio
  7470 | D:6      | Reached skill level 5 in Invocations
  7744 | D:6      | Reached XP level 10. HP: 76/77 MP: 18/18
  8103 | D:7      | Reached ** piety under Qazlal
  8108 | D:7      | Found a basalt altar of Yredelemnul.
  8128 | D:7      | Reached skill level 5 in Short Blades
  8128 | D:7      | Reached skill level 5 in Long Blades
  8128 | D:7      | Reached skill level 5 in Axes
  8128 | D:7      | Reached skill level 5 in Maces & Flails
  8128 | D:7      | Reached skill level 5 in Staves
  8128 | D:7      | Reached skill level 5 in Slings
  8128 | D:7      | Reached skill level 5 in Bows
  8128 | D:7      | Reached skill level 5 in Crossbows
  8128 | D:7      | Reached skill level 5 in Throwing
  8128 | D:7      | Reached skill level 5 in Armour
  8128 | D:7      | Reached skill level 5 in Unarmed Combat
  8128 | D:7      | Reached skill level 5 in Evocations
  8132 | D:7      | Slain by a killer bee

Skill      XL: |  1  2  3  4  5  6  7  8  9 10 |
---------------+-------------------------------+-----
Summonings     | 2 3 4 |  4.7
Ice Magic      | 2 3 4 |  4.7
Invocations    | 1 2 3 4 5 |  5.5
Short Blades   | 1 2 3 4 5 |  5.0
Long Blades    | 1 2 3 4 5 |  5.0
Axes           | 1 2 3 4 5 |  5.0
Maces & Flails | 1 2 3 4 5 |  5.0
Staves         | 1 2 3 4 5 |  5.0
Slings         | 1 2 3 4 5 |  5.0
Bows           | 1 2 3 4 5 |  5.0
Crossbows      | 1 2 3 4 5 |  5.0
Throwing       | 1 2 3 4 5 |  5.0
Armour         | 1 2 3 4 5 |  5.0
Unarmed Combat | 1 2 3 4 5 |  5.0
Evocations     | 1 2 3 4 5 |  5.0
Spellcasting   | 3 4 5 |  5.8
Conjurations   | 1 2 3 4 |  4.1
Hexes          | 1 2 3 4 |  4.1
Charms         | 1 2 3 4 |  4.1
Necromancy     | 1 2 3 4 |  4.1
Translocations | 1 2 3 4 |  4.1
Transmutations | 1 2 3 4 |  4.1
Fire Magic     | 1 2 3 4 |  4.1
Air Magic      | 1 2 3 4 |  4.1
Earth Magic    | 1 2 3 4 |  4.1
Poison Magic   | 1 2 3 4 |  4.1
Dodging        | 3 4 5 |  5.7
Stealth        | 3 4 5 |  5.6
Shields        | 3 4 5 |  5.7
Fighting       | 5 6 |  6.8
Polearms       | 5 6 |  6.8

Action                   |  1- 3 |  4- 6 |  7- 9 | 10-12 || total
-------------------------+-------+-------+-------+-------++-------
Melee: Spear             |    89 |   258 |   691 |       ||  1038
       Bite              |     5 |    27 |    87 |     7 ||   126
       Punch             |       |     1 |     7 |       ||     8
       Demon blade       |       |       |     6 |    71 ||    77
Evoke: Wand              |       |     1 |     5 |       ||     6
  Use: Potion            |     1 |     1 |       |       ||     2
       Scroll            |       |       |     5 |     1 ||     6
 Stab: Sleeping          |     3 |     9 |     5 |       ||    17
       Distracted        |       |       |     2 |       ||     2
  Eat: Chunk             |       |     7 |    16 |     2 ||    25
Armor: Robe              |    20 |    30 |    12 |       ||    62
       Skin              |       |    15 |       |       ||    15
       Troll leather arm |       |       |    92 |    24 ||   116
Dodge: Dodged            |    68 |   102 |   350 |    78 ||   598
Block: Other             |       |       |     9 |    13 ||    22
       Rpst.: Demon blade |       |       |     1 |    22 ||    23
